cohdb
Replays
Latest Replays
All Replays
Popular Replays
Top Player Replays
Match Explorer
How It Works
Community
CoH3 Stats
Reddit
Sign in to upload your games and track your stats! →
Sign in with Steam
Match 44788544
Unlisted
Match 44788544
Overview
Messages
Build Orders
End
Construct Section Command Post
Vickers Machine Gun Team
Infantry Section
Selects Canadian Shock Battlegroup
Dingo Light Scout Car
Infantry Section
Selects Offensive Resupply
Selects Canadian Shock Section
Canadian Shock Section
Construct Platoon Command Post
Construct Field Infirmary
Humber Armored Car
Selects Incendiary Munitions
Selects Incendiary Munitions
Grenade Package
6-pounder Anti-tank Gun Team
Selects Pyrotechnics
Canadian Shock Section
Infantry Training
Lt. Duckworth
Patrick
kubon16.6
Terlecki
UH|dun! ツ
UH|ck
UH|XTC
iceman
0
0
Comments
sign in to comment!
No comments posted yet!